 Dungeon Crawl Stone Soup version 0.29.1-1-gd02db6906a (webtiles) character file.

Game seed: 7847693947147568688

782 avis the Chiller (level 7, -4/51 (57) HPs)
             Began as a Demigod Ice Elementalist on Oct 21, 2022.
             Slain by a wight
             ... wielding a +0 morningstar
              (5 damage)
             ... on level 6 of the Dungeon on Oct 23, 2022.
             The game lasted 00:35:55 (6266 turns).

avis the Chiller (Demigod Ice Elementalist)         Turns: 6266, Time: 00:35:57

HP:   -4/51 (57)    AC: 10    Str: 15    XL:     7   Next: 29%
MP:   1/14          EV: 14    Int: 17    God:
Gold: 285           SH:  0    Dex: 22    Spells: 5/12 levels left

rFire   x . .      SeeInvis .   a - +3 falchion (freeze)
rCold   + . .      Faith    .   (no shield)
rNeg    . . .      Spirit   .   f - +0 robe
rPois   .          Reflect  .   (no helmet)
rElec   .          Harm     .   d - scarf {shadows}
rCorr   .          Rampage  .   (no gloves)
Will    .....                   B - +0 pair of boots
Stlth   ++........              (no amulet)
HPRegen 0.17/turn               h - ring of ice
MPRegen 0.14/turn               c - +6 ring of strength

@: ice-armoured, freezing walls, very slightly contaminated, heavily drained
A: high MP 1, forlorn, divine attributes
a: no special abilities


You were on level 6 of the Dungeon.
You visited 1 branch of the dungeon, and saw 6 of its levels.

You collected 285 gold pieces.

Inventory:

Hand Weapons
 a - a +3 falchion of freezing (weapon)
 b - a +0 shortbow
 e - a +0 dagger
 q - a +0 long sword
 w - a +1 whip of venom
 C - a +0 sling
 D - a +0 falchion
 I - the +7 war axe "Sevox" {holy, Str+5 Int+6 Dex-2}
   (You found it on level 5 of the Dungeon)

   It has been blessed by the Shining One to cause great damage to the undead
   and demons.
   Str:       It affects your strength (+5).
   Int:       It affects your intelligence (+6).
   Dex:       It affects your dexterity (-2).
Missiles
 v - 2 boomerangs of dispersal
 x - 5 boomerangs
 A - 9 poisoned darts
 H - 3 atropa-tipped darts
Armour
 d - a scarf of shadows (worn)
 f - a +0 robe (worn)
 B - a +0 pair of boots (worn)
 F - the +5 ring mail of Quofro {Will+ Str+4}
   (You found it on level 5 of the Dungeon)

   Str:       It affects your strength (+4).
   Will:      It increases your willpower.
Jewellery
 c - a +6 ring of strength (right hand)
 h - a ring of ice (left hand)
 o - a ring of protection from cold
Wands
 p - a wand of charming (13)
 G - a wand of iceblast (9)
Scrolls
 g - a scroll of torment {unknown}
 i - a scroll of immolation {unknown}
 j - 2 scrolls of identify
 k - a scroll of blinking {unknown}
 m - 2 scrolls of teleportation {unknown}
 n - a scroll of butterflies {unknown}
 t - 2 scrolls of fear {unknown}
 y - a scroll of enchant weapon {unknown}
Potions
 l - a potion of magic
 r - 2 potions of curing
 s - a potion of flight
 u - a potion of might
 z - a potion of resistance
 E - a potion of brilliance {unknown}
 J - a potion of heal wounds {unknown}


   Skills:
 - Level 3.0 Fighting
 * Level 4.6 Ranged Weapons
 - Level 3.0 Dodging
 - Level 2.0 Stealth
 - Level 3.0 Spellcasting
 - Level 5.0 Ice Magic


You had 5 spell levels left.
You knew the following spells:

 Your Spells              Type           Power      Damage    Failure   Level
a - Freeze                Ice            100%       1d11      2%          1
o - Ozocubu's Armour      Ice            29%        N/A       7%          3
r - Frozen Ramparts       Ice            58%        1d9       7%          3

Your spell library contained the following spells:

 Spells                   Type           Power      Damage    Failure   Level
 Hailstorm                Conj/Ice       16%        3d6       52%         4


Dungeon Overview and Level Annotations

Branches:
Dungeon (6/15)
 Temple: D:4-7

Annotations:
D:4 2 runed translucent doors, ChrisAssaf's ghost, weakling HuAr


Innate Abilities, Weirdness & Mutations

You have an increased reservoir of magic. (+10% MP)
You shall have no god before yourself.
Your divine heritage dramatically boosts your attributes as you level up.


Message History

Casting: Frozen Ramparts (dangerous; 7% risk of failure)
Confirm with . or Enter, or press ? or * to list all spells.
Casting: Frozen Ramparts (dangerous; 7% risk of failure)
Press: ? - help, Dir - look around, f - activate An open door.
You feel a surge of power!
The walls around you are covered in ice.
The wall freezes the bullfrog.
The bullfrog seems to slow down.
The bullfrog barely misses you.
The wight resists.
The wall freezes the wight.
The wight closely misses you.
The wight completely resists.
The wall freezes the wight but does no damage.
The wight hits you but does no damage.
You slash the wight!
The wight is heavily damaged.
The wall freezes the bullfrog.
The bullfrog seems to slow down.
The bullfrog hits you!
The wall freezes the wight but does no damage.
The wight misses you.
The wight resists.
The wall freezes the wight.
The wight misses you.
The wight completely resists.
The wall freezes the wight but does no damage.
The wight misses you.
You slash the wight!
You destroy the wight!
The wall freezes the bullfrog.
The bullfrog seems to slow down.
The bullfrog completely misses you.
The wight completely resists.
The wall freezes the wight but does no damage.
The wight hits you but does no damage.
The wall freezes the wight but does no damage.
The wight hits you but does no damage.
The wall freezes the bullfrog.
The bullfrog seems to slow down.
The bullfrog closely misses you.
The wall freezes the wight but does no damage.
The wight hits you with a +0 flail!
* * * LOW HITPOINT WARNING * * *
You feel drained.
* * * LOW HITPOINT WARNING * * *
The wall freezes the wight but does no damage.
The wight hits you with a +0 morningstar!
* * * LOW HITPOINT WARNING * * *
You feel drained.
You die...

# ## ###.## ...# #.....
....#. ...##
..............###.....
##.......................
........................#
.............^.z)z......
......z......###@####...
...z....... #8..F#..8#
#..z.#.. #...#....#
#F..## #....#...# ##<..##
## +.#.#.#.## #.....#..$.
##.#.#.#.+ ..#......##
#...#....#
.##.##...##.#.[..#...# #
### ####..#8..#...8#


You could see a bullfrog (slow) and 2 wights.

Vanquished Creatures
  An ice beast (D:5)
  2 centaurs (D:5)
  2 scorpions (D:5)
  3 wights
  2 hounds
  An orc priest (D:5)
  3 orc wizards
  4 adders
  2 ufetubi
  3 worms
  A dart slug (D:1)
  16 orcs
  8 bats
  4 endoplasms
  3 giant cockroaches
  5 goblins
  7 hobgoblins
  4 jackals (D:3)
  2 quokkas
  8 ball pythons
  6 frilled lizards (D:1)
  5 kobolds
  A rat (D:1)
93 creatures vanquished.

Notes
Turn   | Place    | Note
-------+----------+-------------------------------------------
     0 | D:1      | avis the Demigod Ice Elementalist began the quest for the
                  | Orb.
     0 | D:1      | Reached XP level 1. HP: 14/14 MP: 5/5
    90 | D:1      | Reached skill level 1 in Fighting
   413 | D:1      | Reached XP level 2. HP: 23/23 MP: 4/7
   419 | D:1      | Reached skill level 4 in Ice Magic
  1643 | D:2      | Reached XP level 3. HP: 28/28 MP: 5/9
  1729 | D:1      | Learned a level 3 spell: Ozocubu's Armour
  1733 | D:1      | Learned a level 3 spell: Frozen Ramparts
  2874 | D:3      | Reached XP level 4. HP: 33/36 MP: 8/11
  4069 | D:4      | Found a large runed translucent door.
  4069 | D:4      | Found a large runed translucent door.
  4071 | D:4      | Noticed ChrisAssaf's ghost (weakling HuAr)
  4287 | D:5      | Entered Level 5 of the Dungeon
  4287 | D:5      | Noticed a centaur
  4293 | D:5      | Killed a centaur
  4294 | D:5      | Reached skill level 1 in Ranged Weapons
  4294 | D:5      | Reached XP level 5. HP: 36/41 MP: 5/12
  4664 | D:5      | Reached skill level 5 in Ice Magic
  4791 | D:5      | Noticed a centaur
  4830 | D:5      | Killed a centaur
  4831 | D:5      | Reached XP level 6. HP: 19/51 MP: 7/13
  5146 | D:5      | Identified the +7 war axe "Sevox" {holy, Str+5 Int+6 Dex-2}
  5317 | D:5      | Identified the +5 ring mail of Quofro {Will+ Str+4}
  5489 | D:5      | Reached XP level 7. HP: 51/57 MP: 9/14
  6266 | D:6      | HP: 1/53 [wight/+0 morningstar (11)]
  6266 | D:6      | Slain by a wight

Illustrated notes

Levels and vault maps discovered:
D:1:      ncdulo_halloftheorcs, layout_loops_corners
D:2:      layout_rooms
D:3:      layout_basic
D:4:      layout_cave_pools, kiku_gazebo_garden_becter,
          ebering_ghost_disaster_area
D:5:      nicolae_BIG_FREAKIN_CUBE, layout_basic,
          mainiacjoe_overflow_six_doors_small
D:6:      layout_cave_pools, nicolae_hepliaklqana_hippocampus, minivault_1,
          grunt_ministairs_11, chequers_serial_rivers_large_b,
          kennysheep_generic_room_13

Skill      XL: |  1  2  3  4  5  6  7 |
---------------+----------------------+-----
Fighting       | 1 2 3 |  3.0
Ice Magic      | 4 5 |  5.0
Spellcasting   | 2 3 |  3.0
Dodging        | 2 3 |  3.0
Stealth        | 2 |  2.0
Ranged Weapons | 1 2 4 |  4.6

Action                   |  1- 3 |  4- 6 |  7- 9 || total
-------------------------+-------+-------+-------++-------
Melee: Whip              |     8 |    27 |       ||    35
       Falchion          |       |       |     9 ||     9
 Fire: Sling             |    44 |    30 |       ||    74
       Shortbow          |       |    40 |    14 ||    54
 Cast: Freeze            |    68 |     9 |       ||    77
       Frozen Ramparts   |     1 |     8 |     6 ||    15
       Ozocubu's Armour  |       |    16 |     5 ||    21
  Use: Potion            |       |     1 |       ||     1
       Scroll            |       |       |     3 ||     3
 Stab: Sleeping          |     3 |       |       ||     3
Armor: Robe              |    13 |    35 |    14 ||    62
       Ring mail         |       |       |    11 ||    11
Dodge: Dodged            |    29 |    79 |    42 ||   150
